Cogmind - Beta 13 @@@ ROGUE MODE // 2024.05.28 @ 16:12:32 Player: N00Bk1llr Result: Destroyed by AG-27742 with Assembled Focal Cannon Performance ------------- Evolutions (3) 1500 Regions Visited (10) 2000 Robots Destroyed (138) 690 Value Destroyed (4724) 4724 Prototype IDs (14) 280 Alien Tech Used (0) 0 Bonus (2276) 2276 TOTAL SCORE: 11470 Bonus ------- High Alert Combat Kills 988 Follower Combat Kills 157 Met Imprinter 300 Destroyed Z-Imprinter 1000 Friendly Fire -169 Cogmind --------- Core Integrity 0/700 Matter 244/300 Energy 41/100 System Corruption 0% Temperature Cool (12) Movement Walking (190) Ox1 Location -7/Deep Caves Parts ------- > --- POWER (1) -------- (None) > --- PROPULSION (4) --- Flexi-carbon Leg Flexi-carbon Leg > --- UTILITY (4) ------ High-capacity Storage Unit Advanced Targeting Computer Improved Field Recycling Unit > --- WEAPON (4) ------- Axe > --- INVENTORY (20) --- Transmission Jammer Improved Shield Generator Hacking Suite System Restoration Module System Restoration Module Bomb Factory No. 2 Phasing AFG Rocket Array RU-N14's Throwing Claymores (2) RU-N14's Throwing Claymores (2) Peak State ------------ > --- POWER ------------ Improved Deuterium Engine > --- PROPULSION ------- Light Treads Armored Treads Carbon-fiber Leg > --- UTILITY ---------- High-capacity Storage Unit Sensor Array Bomb Factory No. 2 > --- WEAPON ----------- Precision Assault Rifle Gauss Cannon RU-N14's Throwing Claymores RU-N14's Throwing Claymores > --- INVENTORY -------- Light Nuclear Core Light Nuclear Core Reinforced Deuterium Engine Advanced Targeting Computer Transmission Jammer Improved Shield Generator Hacking Suite System Restoration Module System Restoration Module Improved Field Recycling Unit Phasing AFG Precision Shock Rifle Precision Shock Rifle Advanced EMP Blaster Improved Grenade Launcher Heavy Rocket Launcher Heavy Rocket Launcher Rocket Array RU-N14's Throwing Claymores RU-N14's Throwing Claymores [Rating: 57] Favorites ----------- Power Improved Deuterium Engine Engine Improved Deuterium Engine Power Core Light Nuclear Core Propulsion Light Treads Treads Light Treads Leg Carbon-fiber Leg Flight Unit Cesium-ion Thruster Utility High-capacity Storage Unit Device Improved Heat Sink Storage High-capacity Storage Unit Processor Advanced Targeting Computer Protection Hardened Medium Armor Plating Weapon Gauss Cannon Energy Gun Precision Shock Rifle Energy Cannon Particle Cannon Ballistic Gun Precision Assault Rifle Ballistic Cannon Gauss Cannon Launcher Rocket Launcher Special Weapon RU-N14's Throwing Claymores Slashing Weapon Axe Build | -11 -10 -10 -10 -9 -8 -7 -7 -7 -7 -7 ------- Run | Yrd Mat Min Exi Min Mat Fac Low Low Zio Dee Slots Evolved 6 | . . . . . 4 2 . . . . Power . | . . . . . . . . . . . Propulsion 2 | . . . . . 1 1 . . . . Utility 2 | . . . . . 1 1 . . . . Weapon 2 | . . . . . 2 . . . . . Parts Attached 110 | 2 4 . . 1 31 30 7 5 13 17 Power 8 | . . . . . 2 2 . . . 4 Engine 5 | . . . . . 2 1 . . . 2 Core 3 | . . . . . . 1 . . . 2 Reactor . | . . . . . . . . . . . Propulsion 24 | 2 2 . . . 7 7 . 2 . 4 Treads 19 | 2 2 . . . 7 7 . 1 . . Leg 4 | . . . . . . . . 1 . 3 Wheel . | . . . . . . . . . . . Hover . | . . . . . . . . . . . Flight 1 | . . . . . . . . . . 1 Utility 31 | . 1 . . . 6 9 6 . 6 3 Device 23 | . . . . . 5 5 6 . 6 1 Storage 5 | . 1 . . . 1 2 . . . 1 Processor 1 | . . . . . . . . . . 1 Hackware . | . . . . . . . . . . . Protection 2 | . . . . . . 2 . . . . Artifact . | . . . . . . . . . . . Weapon 47 | . 1 . . 1 16 12 1 3 7 6 Energy Gun 10 | . 1 . . 1 5 1 . . 1 1 Energy Cannon 1 | . . . . . 1 . . . . . Ballistic Gun 8 | . . . . . 5 1 . 1 . 1 Ballistic Cannon 13 | . . . . . 4 6 1 1 1 . Launcher 11 | . . . . . 1 4 . 1 3 2 Special Weapon 3 | . . . . . . . . . 2 1 Impact Weapon . | . . . . . . . . . . . Slashing Weapon 1 | . . . . . . . . . . 1 Piercing Weapon . | . . . . . . . . . . . Special Melee Weapon . | . . . . . . . . . . . Unidentified Prototypes 8 | . . . . . 3 1 . . 4 . Parts Lost 43 | . 1 . . . 11 6 . 5 . 20 Power 8 | . . . . . 2 1 . . . 5 Propulsion 14 | . . . . . 3 4 . 2 . 5 Utility 7 | . . . . . 2 1 . 1 . 3 Weapon 14 | . 1 . . . 4 . . 2 . 7 Highest Loss Streak 15 | . 1 . . . 7 2 . 3 . 15 To Critical Strikes . | . . . . . . . . . . . Average Slot Usage (%) 91 | . 84 85 85 85 97 98 100 96 89 64 Engine 8 | . 14 14 14 14 8 6 7 7 7 5 Treads 23 | . 27 28 28 28 26 28 30 23 15 3 Leg 3 | . . . . . . . . 4 7 17 Device 13 | . . . . . 17 15 15 13 20 8 Storage 8 | . 14 14 14 14 8 7 7 7 7 6 Protection 2 | . . . . . . 6 7 7 . . Energy Gun 6 | . 14 14 14 14 11 1 7 5 1 3 Ballistic Gun 9 | . 14 14 14 14 6 14 7 12 8 3 Ballistic Cannon 8 | . . . . . 12 12 14 10 9 1 Special Weapon 1 | . . . . . . . . . 7 . Naked Turns . | . . . . . . . . . . . Heaviest Build 108 | 14 49 49 49 50 68 85 93 85 108 78 Greatest Support 83 | 40 40 40 40 40 60 83 80 80 40 55 Greatest Overweight (x) 3 | . 1 1 1 1 2 1 1 3 2 2 Average Overweight (x) . | . . 1 1 1 . . . 1 1 . Largest Inventory Capacity 20 | 8 20 20 20 20 20 20 20 20 20 20 Average Capacity 19 | 8 18 20 20 20 19 20 20 20 20 18 Most Carried 20 | 6 10 9 10 14 20 20 20 20 20 19 Average Carried 16 | 6 7 9 9 13 16 19 19 19 19 13 Final Capacity 20 | 8 20 20 20 20 20 20 20 20 20 20 Final Carried 20 | 6 9 9 10 14 19 20 19 19 20 11 Class Distribution -------------------- 44% | Scavenger-Tank 20% | Tank 19% | Mutant 6% | Gunner 4% | Scavenger-Mutant 4% | Scavenger-Gunner Dominant Class ---------------- Mutant | -10/Materials Mutant | -10/Mines Mutant | -10/Exiles Mutant | -9/Mines Gunner | -8/Materials Scavenger-Tank | -7/Factory Scavenger-Tank | -7/Lower Caves Scavenger-Tank | -7/Lower Caves Tank | -7/Zion Scavenger-Mutant | -7/Deep Caves Resources | -11 -10 -10 -10 -9 -8 -7 -7 -7 -7 -7 ----------- Run | Yrd Mat Min Exi Min Mat Fac Low Low Zio Dee Matter Collected 4244 | 220 347 . . 37 1153 1240 437 459 47 304 Remotely . | . . . . . . . . . . . Salvage Created 4829 | . 549 . . 81 1487 1592 501 513 . 106 Parts 220 | . 34 . . 4 71 60 28 19 . 4 Haulers Intercepted 5 | . . . . . 3 2 . . . . Recyclers Shooed 1 | . . . . . 1 . . . . . Parts Field Recycled 39 | . . . . . . 33 3 . . 3 Retrieved Matter 452 | . . . . . . 432 8 . . 12 Parts Self-Destructed 32 | . . . . . . . 18 14 . . Prevented 11 | . . . . . . . 10 1 . . Kills | -11 -10 -10 -10 -9 -8 -7 -7 -7 -7 -7 ------- Run | Yrd Mat Min Exi Min Mat Fac Low Low Zio Dee Combat Hostiles Destroyed 110 | . 14 . . 2 21 39 12 13 . 9 Melee 5 | . . . . . . 3 . . . 2 Guns 52 | . 13 . . 2 9 13 8 6 . 1 Cannons 31 | . . . . . 12 12 3 4 . . AOE 21 | . 1 . . . . 11 1 3 . 5 Classes Destroyed 20 | . 4 . . 1 8 4 . 1 . 2 Worker 6 | . . . . 1 4 1 . . . . Builder 6 | . . . . . 4 2 . . . . Tunneler 2 | . 1 . . . 1 . . . . . Hauler 5 | . . . . . 3 2 . . . . Recycler 8 | . . . . . 6 2 . . . . Minesweeper 1 | . . . . . . . . 1 . . Mechanic 1 | . . . . . 1 . . . . . Operator 1 | . . . . . 1 . . . . . Watcher 5 | . 1 . . . 3 1 . . . . Swarmer 14 | . 3 . . . . 4 3 4 . . Grunt 60 | . 11 . . 2 13 24 7 3 . . Brawler 5 | . . . . . . 4 1 . . . Duelist 3 | . . . . . . 2 . 1 . . Protector 1 | . . . . . . 1 . . . . Sentry 9 | . . . . . 6 2 . 1 . . Hunter 3 | . . . . . 2 . . 1 . . Programmer 3 | . . . . . . 2 1 . . . Zionite 1 | . . . . . 1 . . . . . Z-Technician 1 | . . . . . . . . . . 1 Z-Light 2 | . . . . . . . . . . 2 Assembled 6 | . . . . . . . . . . 6 Wasp 2 | . . . . . . . . 2 . . Thug 1 | . . . . . . . . 1 . . Best Kill Streak 8 | . 8 . . 1 5 7 4 5 . 3 Combat Bots Only 8 | . 8 . . 1 4 6 4 5 . 3 Max Kills in Single Turn 4 | . 1 . . 1 2 4 1 3 . 3 Gunslinging . | . . . . . . . . . . . Exploded 4 | . 1 . . . . 4 1 3 . 3 Melee 1 | . . . . . . 1 . . . 1 Uniques/NPCs Destroyed 1 | . . . . . . . . . . 1 Z-Imprinter (-7/Deep Caves) Combat | -11 -10 -10 -10 -9 -8 -7 -7 -7 -7 -7 -------- Run | Yrd Mat Min Exi Min Mat Fac Low Low Zio Dee Hostile Shots Fired 668 | . 55 . . 9 150 221 65 68 . 100 Missed 199 | . 11 . . 2 34 83 17 19 . 33 Damage Taken 7694 | . 503 . . 94 1830 1821 549 689 . 2208 Core 857 | . 62 . . . 88 111 35 92 . 469 Absorbed by Shields 650 | . . . . . . 144 190 255 . 61 Regen/Repaired (Parts) 241 | . 207 . . . 34 . . . . . Core Remaining (%) 86 | 100 . . . 75 84 . . . . . Volleys Fired 330 | . 38 . . 9 84 84 34 32 25 24 Largest 4 | . 2 . . 2 4 4 4 4 1 2 Hottest 229 | . 70 . . 85 229 179 179 179 48 110 Shots Fired 936 | . 74 . . 18 295 291 97 108 25 28 Gun 566 | . 74 . . 18 154 180 55 70 . 15 Cannon 345 | . . . . . 141 99 42 36 22 5 Launcher 21 | . . . . . . 12 . 2 1 6 Special 4 | . . . . . . . . . 2 2 Kinetic 684 | . 38 . . 9 178 265 72 89 22 11 Thermal 134 | . 8 . . 9 117 . . . . . Explosive 22 | . . . . . . 12 . 2 3 5 Electromagnetic 96 | . 28 . . . . 14 25 17 . 12 Robot Hit Streak 29 | . 10 . . 5 9 29 11 15 . 6 Robot Miss Streak 8 | . 2 . . 5 8 6 3 4 . 3 Penetration Max 1 | . . . . . 1 1 . . . . Secondary Targets . | . . . . . . . . . . . Shots Hit Robots 578 | . 54 . . 14 192 179 57 66 . 16 Core Hits 330 | . 24 . . 10 125 98 23 27 . 23 Critical Kills . | . . . . . . . . . . . Critical Parts Destroyed 2 | . . . . . 1 . . 1 . . Critical Strikes 26 | . 4 . . . 9 9 . 2 . 2 Burn 4 | . 1 . . . 3 . . . . . Destroy 2 | . . . . . 1 . . 1 . . Blast 17 | . . . . . 5 9 . 1 . 2 Corrupt 3 | . 3 . . . . . . . . . Melee Attacks 14 | . . . . . . . . . . 14 Impact . | . . . . . . . . . . . Slashing 14 | . . . . . . . . . . 14 Piercing . | . . . . . . . . . . . Sneak Attacks . | . . . . . . . . . . . Combat Hostiles . | . . . . . . . . . . . Follow-up Attacks . | . . . . . . . . . . . Damage Inflicted 14294 | . 765 . . 167 3879 5681 1084 1425 . 1293 Guns 6122 | . 673 . . 167 1652 2113 709 701 . 107 Cannons 4912 | . . . . . 2227 1808 331 439 . 107 Explosions 2993 | . 90 . . . . 1654 44 285 . 920 Melee 87 | . . . . . . . . . . 87 Ramming 108 | . 2 . . . . 106 . . . . Kinetic 8433 | . 299 . . 63 2555 3683 715 951 . 167 Thermal 2496 | . 167 . . 104 1324 799 44 58 . . Explosive 1765 | . . . . . . 806 . 227 . 732 Electromagnetic 1333 | . 297 . . . . 287 325 189 . 235 Impact . | . . . . . . . . . . . Slashing 159 | . . . . . . . . . . 159 Piercing . | . . . . . . . . . . . Highest Corruption 4 | . . . . . 4 2 1 . . . Average Corruption 2 | . . . . . 4 1 1 . . . Corruption Purged 3 | . . . . . . 2 1 . . . Corruption Blocked . | . . . . . . . . . . . Effects 6 | . . . . . 3 2 1 . . . Message Errors 1 | . . . . . 1 . . . . . Matter Fused 1 | . . . . . 1 . . . . . Heat Flow Errors 2 | . . . . . 1 1 . . . . Energy Discharges 1 | . . . . . . . 1 . . . Misfires 1 | . . . . . . 1 . . . . Overload Shots . | . . . . . . . . . . . Overflow Damage 248 | . . . . . 32 132 3 51 . 30 Projectiles 117 | . . . . . 32 54 3 28 . . Explosions 131 | . . . . . . 78 . 23 . 30 Melee . | . . . . . . . . . . . Knockbacks 36 | . . . . . 17 12 6 1 . . Impact 2 | . . . . . . 2 . . . . Kinetic 31 | . . . . . 16 9 5 1 . . Secondary 3 | . . . . . 1 1 1 . . . Self-Inflicted Damage 155 | . 10 . . . . 145 . . . . Shots 4 | . 1 . . . . 3 . . . . Rammed 10 | . 1 . . . . 9 . . . . Targets Rammed 14 | . 1 . . . . 13 . . . . Kicked . | . . . . . . . . . . . Crushed 4 | . . . . . . 4 . . . . Highest Temperature 420 | . 102 . . 114 420 192 355 324 42 133 Average Temperature 107 | . 45 . . 51 148 60 173 118 21 36 Received Heat Transfer 2625 | . 210 . . 51 927 639 193 80 . 525 Effects 10 | . . . . . 3 . 7 . . . Shutdowns 2 | . . . . . 2 . . . . . Interference 7 | . . . . . . . 7 . . . Matter Decay 1 | . . . . . 1 . . . . . Siege Activations . | . . . . . . . . . . . Robots Corrupted 1 | . . . . . . . . . . 1 Combat Hostiles 1 | . . . . . . . . . . 1 Parts Fried 5 | . 1 . . . . . . . . 4 Impact Corruptions . | . . . . . . . . . . . Robots Melted . | . . . . . . . . . . . Combat Hostiles . | . . . . . . . . . . . Parts Melted 7 | . 1 . . . 6 . . . . . Heat Transferred 3711 | . 396 . . 125 2590 500 50 50 . . Parts Sabotaged . | . . . . . . . . . . . Parts Stolen . | . . . . . . . . . . . Parts Stripped . | . . . . . . . . . . . Power Chain Reactions 4 | . 1 . . . . 1 1 1 . . Alert | -11 -10 -10 -10 -9 -8 -7 -7 -7 -7 -7 ------- Run | Yrd Mat Min Exi Min Mat Fac Low Low Zio Dee Peak Influence 1385 | . 412 4 . 70 643 1385 . . . . Initial 291 | . . 4 . . . 291 . . . . Average 384 | . 163 4 . 37 333 797 . . . . Maximum Alert Level 4 | . 2 . . . 2 4 . . . . Low Security (%) 33 | 100 48 100 . 100 22 . . . . . Level 1 27 | . 46 . . . 38 11 . . . . Level 2 20 | . 4 . . . 38 26 . . . . Level 3 12 | . . . . . . 42 . . . . Level 4 5 | . . . . . . 19 . . . . Level 5 . | . . . . . . . . . . . High Security . | . . . . . . . . . . . Max Security . | . . . . . . . . . . . Squads Dispatched 27 | . 5 . . . 8 13 . 1 . . Investigation 10 | . 4 . . . 3 3 . . . . Extermination 2 | . . . . . . 2 . . . . Reinforcement 8 | . 1 . . . 2 5 . . . . Assault 4 | . . . . . . 3 . 1 . . Garrison 3 | . . . . . 3 . . . . . Intercept . | . . . . . . . . . . . Searches Triggered . | . . . . . . . . . . . Construction Impeded 4 | . . . . . 2 2 . . . . Haulers Reinforced 3 | . . . . . . 3 . . . . Active Scanning Responses . | . . . . . . . . . . . Cargo Convoy Interrupts . | . . . . . . . . . . . Stealth | -11 -10 -10 -10 -9 -8 -7 -7 -7 -7 -7 --------- Run | Yrd Mat Min Exi Min Mat Fac Low Low Zio Dee Distress Signals 4 | . 1 . . . 3 . . . . . Communications Jammed . | . . . . . . . . . . . Distress Signals . | . . . . . . . . . . . Times Spotted 145 | . 16 . . 2 34 51 12 18 . 12 Peak Tracking Total 7 | . 7 . . 2 6 7 4 6 . 3 Tactical Retreats 3 | . . . . . . 2 . . . 1 Traps | -11 -10 -10 -10 -9 -8 -7 -7 -7 -7 -7 ------- Run | Yrd Mat Min Exi Min Mat Fac Low Low Zio Dee Traps Triggered 2 | . 1 . . . . 1 . . . . Indirectly 1 | . . . . . . 1 . . . . Trap Hack Attempts . | . . . . . . . . . . . Triggered . | . . . . . . . . . . . Disarmed . | . . . . . . . . . . . Reprogrammed . | . . . . . . . . . . . Reused . | . . . . . . . . . . . Traps Extracted . | . . . . . . . . . . . Installed . | . . . . . . . . . . . Triggered 1 | . . . . . . . . 1 . . Machines | -11 -10 -10 -10 -9 -8 -7 -7 -7 -7 -7 ---------- Run | Yrd Mat Min Exi Min Mat Fac Low Low Zio Dee Machines Disabled 16 | . . . . . 5 8 . 1 . 2 Max in Single Turn 2 | . . . . . 1 2 . 1 . 1 Garrison Access 2 | . . . . . . 2 . . . . Machines Repaired . | . . . . . . . . . . . Machines Dismantled . | . . . . . . . . . . . Machines Sabotaged . | . . . . . . . . . . . Overloaded Fab Kills . | . . . . . . . . . . . Hacking | -11 -10 -10 -10 -9 -8 -7 -7 -7 -7 -7 --------- Run | Yrd Mat Min Exi Min Mat Fac Low Low Zio Dee Machines Accessed 25 | . 7 . 1 . 10 6 . . 1 . Terminals 11 | . 4 . . . 5 2 . . . . Fabricators 1 | . . . . . . 1 . . . . Repair Stations 2 | . 1 . . . 1 . . . . . Recycling Units 3 | . 2 . . . 1 . . . . . Scanalyzers 3 | . . . . . 2 1 . . . . Garrison Access 3 | . . . . . 1 2 . . . . Total Hacks 73 | . 23 . 1 . 30 16 . . 3 . Successful 43 | . 12 . 1 . 19 8 . . 3 . Failed 30 | . 11 . . . 11 8 . . . . Catastrophic 7 | . 4 . . . 2 1 . . . . Database Lockouts . | . . . . . . . . . . . Manual 21 | . 9 . . . 9 2 . . 1 . Terminals 33 | . 13 . . . 14 6 . . . . Fabricators 4 | . . . . . . 4 . . . . Repair Stations 8 | . 5 . . . 3 . . . . . Recycling Units 7 | . 5 . . . 2 . . . . . Scanalyzers 11 | . . . . . 9 2 . . . . Garrison Access 6 | . . . . . 2 4 . . . . Terminal Hacks 17 | . 5 . 1 . 7 1 . . 3 . Record 1 | . . . 1 . . . . . . . Part Schematic 3 | . . . . . . . . . 3 . Robot Analysis 1 | . . . . . . 1 . . . . Prototype ID Bank 3 | . 1 . . . 2 . . . . . Branch Access Points 2 | . 1 . . . 1 . . . . . Locate Traps 2 | . 1 . . . 1 . . . . . Hauler Manifests 3 | . 1 . . . 2 . . . . . Registered Components 1 | . 1 . . . . . . . . . Zone Layout 1 | . . . . . 1 . . . . . Fabricator Hacks 3 | . . . . . . 3 . . . . Network Status 1 | . . . . . . 1 . . . . Load Schematic 1 | . . . . . . 1 . . . . Build 1 | . . . . . . 1 . . . . Repair Station Hacks 6 | . 4 . . . 2 . . . . . Scan Component 3 | . 2 . . . 1 . . . . . Repair 3 | . 2 . . . 1 . . . . . Recycling Unit Hacks . | . . . . . . . . . . . Scanalyzer 11 | . . . . . 9 2 . . . . Insert Component 5 | . . . . . 4 1 . . . . Analyze 6 | . . . . . 5 1 . . . . Garrison Access Hacks . | . . . . . . . . . . . Unauthorized Hacks 6 | . 3 . . . 1 2 . . . . Terminals 1 | . 1 . . . . . . . . . Botnet 1 | . 1 . . . . . . . . . Fabricators . | . . . . . . . . . . . Repair Stations . | . . . . . . . . . . . Recycling Units 3 | . 2 . . . 1 . . . . . Tunnel 3 | . 2 . . . 1 . . . . . Scanalyzers . | . . . . . . . . . . . Garrison Access 2 | . . . . . . 2 . . . . Jam 2 | . . . . . . 2 . . . . Data Cores Recovered . | . . . . . . . . . . . Used . | . . . . . . . . . . . Hacking Detections 18 | . 5 . . . 8 5 . . . . Full Trace Events 6 | . 2 . . . 3 1 . . . . Feedback Events . | . . . . . . . . . . . Feedback Blocked . | . . . . . . . . . . . Robot Schematics Acquired . | . . . . . . . . . . . Robots Built . | . . . . . . . . . . . Authchips . | . . . . . . . . . . . Time . | . . . . . . . . . . . Total Robot Build Rating . | . . . . . . . . . . . Part Schematics Acquired 8 | . . . . . 4 1 . . 3 . Parts Built 1 | . . . . . . 1 . . . . Authchips . | . . . . . . . . . . . Time 73 | . . . . . . 73 . . . . Total Part Build Rating 3 | . . . . . . 3 . . . . Parts Repaired 3 | . 2 . . . 1 . . . . . Time 78 | . 52 . . . 26 . . . . . Parts Recycled . | . . . . . . . . . . . Recycled Matter . | . . . . . . . . . . . Retrieved Matter . | . . . . . . . . . . . Retrieved Components . | . . . . . . . . . . . Parts Scanalyzed 5 | . . . . . 4 1 . . . . Part Schematics Acquired 5 | . . . . . 4 1 . . . . Parts Damaged 1 | . . . . . . 1 . . . . Bothacking | -11 -10 -10 -10 -9 -8 -7 -7 -7 -7 -7 ------------ Run | Yrd Mat Min Exi Min Mat Fac Low Low Zio Dee Used RIF Installer . | . . . . . . . . . . . Robots Hacked . | . . . . . . . . . . . Non-combat . | . . . . . . . . . . . Combat . | . . . . . . . . . . . Robot Hacks Applied . | . . . . . . . . . . . Relay Couplers Released . | . . . . . . . . . . . Fabnet Peak Effective % . | . . . . . . . . . . . Robots Rewired 1 | . . . . . . . . 1 . . Allies Hacked . | . . . . . . . . . . . Hacks Repelled . | . . . . . . . . . . . Allies | -11 -10 -10 -10 -9 -8 -7 -7 -7 -7 -7 -------- Run | Yrd Mat Min Exi Min Mat Fac Low Low Zio Dee Total Allies 8 | . . . . 2 . . . 1 5 . Largest Group 6 | . . . . 2 2 . . 1 6 6 Highest-Rated Group 161 | . . . . 55 55 . . 30 161 161 Highest-Rated Ally 39 | . . . . 31 31 . . 30 39 39 Total Orders . | . . . . . . . . . . . Ally Attacks 70 | . . . . . 36 . . . . 34 Total Damage 867 | . . . . . 541 . . . . 326 Kills 13 | . . . . . 8 . . . . 5 Allies Corrupted . | . . . . . . . . . . . Allies Melted . | . . . . . . . . . . . Intel | -11 -10 -10 -10 -9 -8 -7 -7 -7 -7 -7 ------- Run | Yrd Mat Min Exi Min Mat Fac Low Low Zio Dee Robot Analysis Total 1 | . . . . . . 1 . . . . Derelict Logs Recovered 3 | . . . . 1 . . 1 . 1 . Drone Launches . | . . . . . . . . . . . Drone Recoveries . | . . . . . . . . . . . Exploration | -11 -10 -10 -10 -9 -8 -7 -7 -7 -7 -7 ------------- Run | Yrd Mat Min Exi Min Mat Fac Low Low Zio Dee Turns Passed 12323 | 5 1324 77 354 597 1387 1462 2266 1106 2955 790 Spaces Moved 4651 | 2 496 33 148 236 455 627 890 403 1000 361 Core 11 | . . . . . . . . . . 11 Treads 4353 | 2 496 33 148 236 455 627 890 403 1000 63 Legs 287 | . . . . . . . . . . 287 Wheels . | . . . . . . . . . . . Hover . | . . . . . . . . . . . Flight . | . . . . . . . . . . . Fastest Speed 50 | 160 160 240 240 240 160 160 162 162 245 50 Average Speed 233 | 160 229 240 240 240 216 175 240 246 287 174 Slowest Speed 400 | 160 240 240 240 240 320 243 242 400 325 245 Overloaded Moves . | . . . . . . . . . . . Propulsion Burnouts . | . . . . . . . . . . . Robots Hopped . | . . . . . . . . . . . Cave-ins Triggered . | . . . . . . . . . . . Exploration Rate (%) 52 | 2 91 10 50 71 50 22 86 53 87 58 Regions Visited 10 Branch Regions 7 Pre-discovered Areas 6 | . 2 1 1 . 1 . . . 1 . Known Exits Taken 1 | . 1 . . . . . . . . . Unknown Exits Taken 9 | 1 . 1 1 1 1 1 1 1 1 . Scrap Searched 10 | . . . . 2 . . 3 2 3 . Spaces Dug 12 | . . . . . . . . . 10 2 Terrain Destroyed 302 | . 2 . . . 51 116 29 35 22 47 Melee 2 | . . . . . . . . . . 2 Projectile 124 | . . . . . 51 25 25 15 7 1 AOE 176 | . 2 . . . . 91 4 20 15 44 Terrain Rammed . | . . . . . . . . . . . Walls Destroyed . | . . . . . . . . . . . Machines Disabled . | . . . . . . . . . . . Actions | -11 -10 -10 -10 -9 -8 -7 -7 -7 -7 -7 --------- Run | Yrd Mat Min Exi Min Mat Fac Low Low Zio Dee Total 5421 | 3 610 32 148 250 665 793 948 443 1062 467 Wait 173 | . 60 . . . 41 12 12 . 8 40 Move 4641 | 1 495 32 147 235 454 626 889 402 999 361 Hop . | . . . . . . . . . . . Pick Up 79 | . 8 . 1 4 37 12 2 1 4 10 Fast Attach 35 | . 2 . . 1 6 7 . 3 8 8 Attach 37 | . 2 . . . 16 6 . 1 3 9 Detach 4 | . . . . . . 1 . . 3 . Swap 38 | 2 . . . . 9 17 7 1 2 . Drop 54 | . 4 . . 1 18 15 4 1 10 1 Fire 330 | . 38 . . 9 84 84 34 32 25 24 Melee 14 | . . . . . . . . . . 14 Ram . | . . . . . . . . . . . Kick . | . . . . . . . . . . . Crush 14 | . 1 . . . . 13 . . . . Escape Stasis . | . . . . . . . . . . . Rewire 2 | . . . . . . . . 2 . . Trap . | . . . . . . . . . . . Miscellaneous . | . . . . . . . . . . . Route ------- -11/Scrapyard -10/Materials (discovered 4 exits: [*Mat x3] / *Min) -10/Mines (discovered 2 exits: [*Mat] / *Exi) -10/Exiles -9/Mines -8/Materials (discovered 3 exits: *Fac / Sto x2) -7/Factory (discovered 2 exits: [*Fac] / [*Low]) -7/Lower Caves -7/Lower Caves -7/Zion (discovered 2 exits: [*Dee] / [*Pro]) -7/Deep Caves History --------- Turn | Location | Event 4 | -11/Scrapyard | Discovered new exit (range 1) 6 | -11/Scrapyard | Entered Materials 167 | -10/Materials | Destroyed 8 combat bots 316 | -10/Materials | Build established: Mutant 387 | -10/Materials | Discovered new exit (range 12) 625 | -10/Materials | Discovered new exit (range 6) 830 | -10/Materials | Repaired Lgt. Treads 857 | -10/Materials | Repaired Lgt. Treads 976 | -10/Materials | Discovered new exit (range 12) 1261 | -10/Materials | Identified exit to Mines 1330 | -10/Materials | Entered Mines 1333 | -10/Mines | Discovered new exit (range 9) 1353 | -10/Mines | Learned location of Storage (-8) 1398 | -10/Mines | Deemed a non-threat by the Exiles lab entrance 1398 | -10/Mines | Discovered new exit (range 5) 1407 | -10/Mines | Entered Exiles 1463 | -10/Exiles | Met 8R-AWN 1508 | -10/Exiles | Met EX-HEX 1578 | -10/Exiles | Met EX-BIN 1607 | -10/Exiles | Met EX-DEC 1616 | -10/Exiles | Learned location of Zion (-7) 1732 | -10/Exiles | Discovered new exit (range 14) 1761 | -10/Exiles | Entered Mines 1977 | -9/Mines | Received a Rocket Launcher from a helpful Derelict 2322 | -9/Mines | Discovered new exit (range 16) 2330 | -9/Mines | Learned Materials garrison access intel 2358 | -9/Mines | Entered Materials 2358 | -8/Materials | Accompanied by 2 allies 2358 | -8/Materials | Evolved 4 slots: Propulsion x1, Utility x1, Weapon x2 2359 | -8/Materials | Loaded intel: 1 garrison access location 2363 | -8/Materials | Led the pair of lost Derelicts to an unsafe place 2656 | -8/Materials | Build established: Gunner 2663 | -8/Materials | Repaired Hcp. Storage Unit 3386 | -8/Materials | Lost 7 parts (1p2n1u3w) 3699 | -8/Materials | Build established: Scavenger-Gunner 3726 | -8/Materials | Identified exit to Storage 3738 | -8/Materials | Discovered new exit (range 4) 3745 | -8/Materials | Entered Factory 3745 | -7/Factory | Evolved 2 slots: Propulsion x1, Utility x1 4047 | -7/Factory | Build established: Scavenger-Tank 4536 | -7/Factory | Discovered new exit (range 15) 4545 | -7/Factory | First assault squad dispatched 4725 | -7/Factory | Discovered new exit (range 9) 4877 | -7/Factory | Fabricated Hrd. Medium Armor Plating? 5072 | -7/Factory | Build established: Tank 5207 | -7/Factory | Entered Lower Caves 5404 | -7/Lower Caves | Build established: Scavenger-Tank 6463 | -7/Lower Caves | Learned 8 Factory zone layouts 7398 | -7/Lower Caves | Discovered new exit (range 14) 7473 | -7/Lower Caves | Entered another Lower Caves area 7885 | -7/Lower Caves | Ambushed by wild Derelicts 8384 | -7/Lower Caves | Lost 3 parts (1n1u1w) 8439 | -7/Lower Caves | Attracted the attention of an 0b10 outpost 8494 | -7/Lower Caves | Discovered new exit (range 10) 8579 | -7/Lower Caves | Entered Zion 8579 | -7/Zion | Accompanied by 1 ally 8633 | -7/Zion | Gained Derelict followers 8772 | -7/Zion | Found Prototype Launcher 8772 | -7/Zion | Identified Rocket Array 8869 | -7/Zion | Discovered new exit (range 14) 8906 | -7/Zion | Found Prototype Device 8906 | -7/Zion | Identified Phasing AFG 9847 | -7/Zion | Found Prototype Special Weapon 9847 | -7/Zion | Identified RU-N14's Throwing Claymores 9851 | -7/Zion | Found RU-N14's Throwing Claymores 9855 | -7/Zion | Found RU-N14's Throwing Claymores 9860 | -7/Zion | Found RU-N14's Throwing Claymores 10004 | -7/Zion | Learned location of 1 exit from Factory 10033 | -7/Zion | Learned location of Quarantine (-3) 10142 | -7/Zion | Build established: Tank 10674 | -7/Zion | Found Prototype Device 10674 | -7/Zion | Identified Bomb Factory No. 2 10940 | -7/Zion | Gained Derelict followers 11504 | -7/Zion | Discovered new exit (range 10) 11526 | -7/Zion | Saw the warning signs outside the Deep Caves entrance 11534 | -7/Zion | Entered Deep Caves 11534 | -7/Deep Caves | Accompanied by 6 allies 11673 | -7/Deep Caves | Z-Facility disabled 11692 | -7/Deep Caves | Attacked by Z-Imprinter 11732 | -7/Deep Caves | Core integrity fell below 50% 11748 | -7/Deep Caves | Core integrity fell below 20% 11752 | -7/Deep Caves | Lost 4 allies 11758 | -7/Deep Caves | Destroyed Z-Imprinter 11785 | -7/Deep Caves | Lost 15 parts (4p3n3u5w) 12020 | -7/Deep Caves | Build established: Scavenger-Mutant 12311 | -7/Deep Caves | Spotted AG-27742 12324 | -7/Deep Caves | Destroyed by AG-27742 with Assembled Focal Cannon Last Messages --------------- 11944_ Imp. Field Recycling Unit collects Hover Unit, recycling 4 matter... 11950_ Imp. Field Recycling Unit collects Datajack, recycling 2 matter... 11954_ Imp. Field Recycling Unit collects Hover Unit, recycling 6 matter... 12165_ as-88407 destroyed. 12173_ Battle Rifle destroyed. 12173_ as-95513 destroyed. 12176_ as-91250 destroyed. 12178_ Acquired 17 matter. 12192_ Acquired 3 matter. 12230_ Machine disabled. 12232_ as-19560 destroyed. 12232_ as-81892 destroyed. 12232_ as-36888 destroyed. 12311_ Cesium-ion Thruster destroyed. 12312_ AG-27742: "DSI9AT1D G8OHIBQ29FWG 26R186 QD12WHW8W33 TDK1 81FTS" 12314_ Lgt. Ion Engine destroyed. 12321_ Carbon-fiber Leg destroyed. 12321_ Imp. Grenade Launcher destroyed. Map ----- +----------------------------------------------------+ | ?????????????????????????????????????????????????? | | ?????????????????????????????????????????????????? | | ?????????????????????????????????????????????????? | | ?????????????????????????????????????????????????? | | ?????????????????????????????????????????????????? | | ?????????????????????????????????????????????????? | | ?????????????????????????????????????????????????? | | ?????????????????????????????????????????????????? | | ?????????????????????????????????????????????????# | | ?????????????????????????????????????????????????# | | ?????????????????????? ??????? ??????????????????# | | ???????????????????? ??????? ???#????????????# | | ????????????????? #?????? #??# ???????????# | | ??????????????? ?????? ???? ####???????# | | ????????????? / s b #????? #???? #???????# | | ???????????? [ * #????? #????# #???????# | | ??????????? g #????# ????# ##????### | | ?????????? [ #??## ????## ##??## | | ???????? #??# ?????# #??# | | ???????? g #??# ?????# #### | | ??????? ! ##?# ?????## | | ??????? [ #?# #????## | | ?????? #?# ###### #### | | ?????? ### ## | | ?????? ;## ## | | ????? = = @ ## ## ## | | ?????"" ! ##### ### ## | | ????" ##???#####?# ## | | ?????" s l ; #??????????# | | ????" ;# ##???????????##### | | ?????" ######????????????????## | | ????" # # #??????????????????????# | | ????? #### ## ## ##??????????????????????## | | ?????"" ?????# ?# ?###?????????????????????????# | | ???????????????#??# ?????????????????????????????? | | ???????????????????#?????????????????????????????? | | | | | | | | | | | | | | | | | | | | | | | | | | | | | +----------------------------------------------------+ Best States ------------- Heat Dissipation 62 Energy Generation 16 Energy Capacity 290 Matter Stores 300 Matter Capacity 300 Sight Range 16 Robot Scan Range 14 Terrain Scan Density 10 Armor Coverage 225 Weapon Cycling 15 Evasion (%) 55 Targeting Accuracy 8 Recoil Reduction 4 Item Schematics ----------------- Hcp. Storage Unit | -8/Materials | Scanalyzed System Restoration Module | -8/Materials | Scanalyzed Arm. Treads | -8/Materials | Scanalyzed Hrd. Medium Armor Plating | -8/Materials | Scanalyzed Imp. Shield Generator | -7/Factory | Scanalyzed Beamcaster | -7/Zion | Free Barrage Gun | -7/Zion | Free Enh. Flamer | -7/Zion | Free Robot Schematics ------------------ None Fabricated ------------ Hrd. Medium Armor Plating | x1 | -7/Factory Alien Tech Used ----------------- None Achievements -------------- None Challenges ------------ None Game ------ Seed TacticalAlertBuckler Manual? 0 Play Time 01:02:21 Cumulative 62.6 hours Start 2024.05.28 @ 15:04:42 End 2024.05.28 @ 16:12:32 Sessions 1 Manual Loads 0 Difficulty Rogue Special Mode None Game No. 106 Rogue 84 Adventurer 22 Explorer 0 Win Type - Total 1 Types 1/0/0/0/0/0/0/0/0 Lore% 43 Gallery% 55 Achievement% 48 Wizard Run 0 Options --------- Layout 0 ASCII 0 Keyboard 0 Movement Mouse Keybinds 0 Fullscreen 2 Font 18/SmallcapsGlow Map View 76x50 Zoom Use 0% Tactical HUD 1 Map Filters NONE Filters NONE Steam 1 RUN: 471c1183-7cf6-4139-a2bb-ddaef0320b84